 Dungeon Crawl Stone Soup version 0.18-a0-1639-g7533f42 (webtiles) character file.

205 M4edhros the Poker (level 5, -2/54 HPs)
             Began as an Octopode Fighter on Mar 27, 2016.
             Killed from afar by a white imp (6 damage)
             ... with a puff of frost
             ... summoned by Natasha
             ... on level 2 of the Dungeon.
             The game lasted 00:01:56 (1141 turns).

M4edhros the Poker (Octopode Fighter)               Turns: 1141, Time: 00:01:56

Health: -2/54      AC: 22    Str: 16    XL:     5   Next: 83%
Magic:  5/5        EV:  2    Int: 10    God:
Gold:   65         SH: 10    Dex: 12    Spells: 0 memorised, 4 levels left

rFire  . . .     SeeInvis .     a - +0 trident
rCold  . . .     Gourm    .     b - +2 shield
rNeg   + + +     Faith    .     (helmet currently unavailable)
rPois  +         Spirit   .     e - amulet of dismissal
rElec  .         Dismiss  +     (no ring)
rCorr  .         Reflect  .     (no ring)
SustAt .         Harm     .     (no ring)
MR     .....     NoTele   +     (no ring)
Stlth  +++.......               (no ring)
                                (no ring)
                                (no ring)
                                (no ring)

@: tree-form, not resistant to hostile enchantments, fairly stealthy
A: almost no armour, (amphibious), 8 rings, (constrict 8), (camouflage 0),
(gelatinous body 0)
a: no special abilities


You were on level 2 of the Dungeon.
You were not hungry.
You were a tree.
You visited 1 branch of the dungeon, and saw 2 of its levels.

You collected 65 gold pieces.

Inventory:

Hand Weapons
 a - a +0 trident (weapon)
 g - a +0 hunting sling
 k - a +1 dagger of speed
Missiles
 h - 54 stones (quivered)
 l - 2 javelins
 m - 17 poisoned needles
 n - 9 sling bullets of flame
Armour
 b - a +2 shield (worn)
Jewellery
 e - an amulet of dismissal (around neck)
Scrolls
 j - a scroll of magic mapping
 q - a scroll of fear
Potions
 c - a potion of might
Comestibles
 d - 4 bread rations
 i - a beef jerky


   Skills:
 - Level 3.0 Fighting
 + Level 5.1 Polearms
 - Level 3.0 Dodging
 + Level 3.8 Stealth
 - Level 3.0 Shields


You had 4 spell levels left.
You didn't know any spells.

Dungeon Overview and Level Annotations

Branches:
Dungeon (2/15)

Altars:

Annotations:
D:2 Natasha


Innate Abilities, Weirdness & Mutations

You cannot wear most types of armour.
((You are amphibious.))
You can wear up to eight rings at the same time.
((You can use your tentacles to constrict eight enemies at once.))
((Your skin changes colour to match your surroundings (Stealth).))
((Your rubbery body absorbs attacks (AC +1).))


Message History

Natasha casts a spell.
Unknown command.
Drink which item? (? for menu, Esc to quit)
You turn into a tree.
Your roots penetrate the ground.
Natasha casts a spell.
You barely miss Natasha.
Natasha is severely wounded.
Natasha claws you but does no damage.
The shadow imp hits you but does no damage.
The white imp gestures at you. The puff of frost hits you!
You closely miss Natasha.
Natasha is severely wounded.
Natasha claws you but does no damage. You block the white imp's attack.
You completely miss Natasha.
Natasha is severely wounded.
You block the shadow imp's attack. You block Natasha's attack.
The white imp gestures at you. The puff of frost hits you!
You die...

##############
#.........(..#
#............#
#............#
#............#
#.....†.5r...#
#......♣h....#
#......55....#
#............#
#............#
##............#
........##.####
#######..#...
########
#..###.#
.......# #..##
.#


You could see Natasha, a white imp, 2 shadow imps and a rat.

Vanquished Creatures
  Ijyb (D:2)
  Natasha (twice) (D:2)
  6 gnolls (D:2)
  3 adders (D:2)
  A worm (D:2)
  2 dart slugs (D:1)
  A giant gecko (D:2)
  A ball python (D:1)
  5 bats
  2 giant cockroaches
  7 goblins
  4 hobgoblins
  2 giant newts (D:1)
  5 kobolds
42 creatures vanquished.

Notes
Turn   | Place    | Note
--------------------------------------------------------------
     0 | D:1      | M4edhros the Octopode Fighter began the quest for the Orb.
     0 | D:1      | Reached XP level 1. HP: 16/16 MP: 1/1
   113 | D:1      | Reached XP level 2. HP: 21/21 MP: 2/2
   160 | D:1      | Reached skill level 3 in Polearms
   503 | D:2      | Reached XP level 3. HP: 24/26 MP: 3/3
   620 | D:2      | Noticed Ijyb
   628 | D:2      | Reached skill level 4 in Polearms
   636 | D:2      | Killed Ijyb
   636 | D:2      | Reached skill level 1 in Stealth
   636 | D:2      | Reached XP level 4. HP: 21/31 MP: 4/4
   648 | D:2      | Reached XP level 5. HP: 15/36 MP: 5/5
   807 | D:2      | Noticed Natasha
   815 | D:2      | Killed Natasha
   879 | D:2      | Reached skill level 5 in Polearms
  1081 | D:2      | Noticed Natasha
  1115 | D:2      | Killed Natasha
  1128 | D:2      | Noticed Natasha
  1141 | D:2      | Killed from afar by a white imp

Vault maps used:
D:1:      minmay_arrival_stone_box, st_stairs_5
D:2:      uniq_iyjb, uniq_natasha

Skill      XL: |  1  2  3  4  5 |
---------------+----------------+-----
Polearms       | 3 4 5 |  5.1
Stealth        | 1 2 3 |  3.8
Fighting       | |  3.0
Dodging        | |  3.0
Shields        | |  3.0

Action                   |  1- 3 |  4- 6 || total
-------------------------+-------+-------++-------
Melee: Trident           |    71 |    45 ||   116
       Dagger            |     2 |       ||     2
  Use: Scroll            |     7 |     2 ||     9
       Potion            |     3 |     2 ||     5
 Stab: Sleeping          |     6 |     2 ||     8
  Eat: Chunk             |       |     1 ||     1
